 Dungeon Crawl Stone Soup version 0.28.0-62-gf88900778d (webtiles) character file.

Game seed: 842655011362114355

182 cbfl8 the Covered (level 5, 0/41 HPs)
             Began as a Demonspawn Fighter on June 30, 2023.
             Was an Initiate of Okawaru.
             Succumbed to a scorpion's poison
             ... on level 4 of the Dungeon.
             The game lasted 00:01:53 (2991 turns).

cbfl8 the Covered (Demonspawn Fighter)              Turns: 2991, Time: 00:01:53

Health: 0/41       AC:  6    Str: 17    XL:     5   Next: 34%
Magic:  5/5        EV: 10    Int:  9    God:    Okawaru [......]
Gold:   69         SH:  5    Dex: 14    Spells: 4/4 levels left

rFire   . . .      SeeInvis .   a - +0 war axe
rCold   . . .      Faith    .   c - +0 buckler
rNeg    . . .      Spirit   .   b - +0 scale mail
rPois   .          Reflect  .   (no helmet)
rElec   .          Harm     .   (no cloak)
rCorr   .          Rampage  .   (no gloves)
Will    .....                   (no boots)
Stlth   ..........              (no amulet)
HPRegen 0.13/turn               r - ring of flight
MPRegen 0.18/turn               (no ring)

@: mighty, lethally poisoned (0 -> -12), flying
A: claws 1, magic regeneration, sturdy frame 1
a: Renounce Religion


You were on level 4 of the Dungeon.
You worshipped Okawaru.
Okawaru was noncommittal.
You visited 1 branch of the dungeon, and saw 4 of its levels.

You collected 171 gold pieces.
You spent 102 gold pieces at shops.

Inventory:

Hand Weapons
 a - a +0 war axe (weapon)
Armour
 b - a +0 scale mail (worn)
 c - a +0 buckler (worn)
Jewellery
 r - a ring of flight (left claw)
Wands
 q - a wand of flame (11)
 s - a wand of polymorph (13)
Scrolls
 f - a scroll of enchant armour {unknown}
 h - 2 scrolls of vulnerability {unknown}
 j - a scroll of blinking {unknown}
 k - 2 scrolls of fear {unknown}
 l - 3 scrolls of identify {unknown}
 m - 2 scrolls of teleportation {unknown}
Potions
 d - a potion of might
 e - a potion of magic {unknown}
 g - 2 potions of degeneration {unknown}
 i - a potion of invisibility {unknown}
 n - a potion of curing {unknown}
 o - 2 potions of mutation {unknown}
 p - a potion of heal wounds {unknown}


   Skills:
 + Level 3.5 Fighting
 + Level 3.1 Axes
 + Level 3.5 Armour
 + Level 0.6 Dodging
 + Level 3.0 Shields
 * Level 2.0 Evocations


You had 4 spell levels left.
You didn't know any spells.
Your spell library was empty.

Dungeon Overview and Level Annotations

Branches:
Dungeon (4/15)
 Temple: D:4-7

Altars:
Okawaru
Qazlal
Vehumet

Shops:
D:2 *   D:3 [


Innate Abilities, Weirdness & Mutations

You have sharp fingernails.
You regenerate magic rapidly.
Your movements are slightly less encumbered by armour. (ER -2)


Message History

An endoplasm is nearby!
The endoplasm freezes you.
You are frozen.
An endoplasm is nearby!
You barely miss the endoplasm. The endoplasm hits you.
An endoplasm is nearby!
You slash the endoplasm!
You kill the endoplasm!
Okawaru accepts your kill.
A scorpion comes into view.
A scorpion is nearby!
A scorpion is nearby!
The scorpion stings you!
You are poisoned.
The scorpion poisons you!
A scorpion is nearby!
You barely miss the scorpion.
You feel very sick. The scorpion barely misses you. The scorpion stings you.
You are more poisoned.
The scorpion poisons you!
You slash the scorpion!
The scorpion is heavily wounded.
You feel very sick. The scorpion stings you.
You are more poisoned.
The scorpion poisons you!
The scorpion stings you but does no damage.
You feel very mighty all of a sudden.
* * * LOW HITPOINT WARNING * * *
You feel very sick.
The scorpion stings you but does no damage.
You slash the scorpion!
The scorpion is almost dead.
* * * LOW HITPOINT WARNING * * *
You feel very sick. You block the scorpion's attack.
The scorpion closely misses you.
You closely miss the scorpion.
The scorpion is almost dead.
You die...

#. ..### #.....
#....# .##
##.(..#
....######.....#
...............#
......s@.......#
...............#
.....#......<.##
.... #<###....#
... #.
##....#... .. ##
#<........ .
#.....##.##..
..(.....## ## .
.########


You could see a scorpion.

Vanquished Creatures
  A scorpion (D:3)
  A hound (D:3)
  A gnoll (D:1)
  2 adders (D:2)
  2 worms (D:2)
  3 dart slugs
  6 bats
  5 endoplasms
  2 giant cockroaches
  A goblin (D:1)
  3 hobgoblins
  5 jackals
  2 kobolds (D:3)
  3 quokkas
  2 ball pythons
  3 frilled lizards
  8 rats
50 creatures vanquished.

Notes
Turn   | Place    | Note
-------+----------+-------------------------------------------
     0 | D:1      | cbfl8 the Demonspawn Fighter began the quest for the Orb.
     0 | D:1      | Reached XP level 1. HP: 18/18 MP: 1/1
   173 | D:1      | Gained mutation: You have sharp fingernails. [demonic
                  | ancestry]
   173 | D:1      | Reached XP level 2. HP: 16/24 MP: 2/2
   964 | D:2      | Reached XP level 3. HP: 29/29 MP: 3/3
  1098 | D:2      | Found a faded altar of an unknown god.
  1285 | D:2      | Reached skill level 1 in Evocations
  1612 | D:2      | Gained mutation: You regenerate magic rapidly. [demonic
                  | ancestry]
  1612 | D:2      | Reached XP level 4. HP: 19/35 MP: 4/4
  1788 | D:2      | Found Poysiz's Assorted Antiques.
  1846 | D:2      | Bought a scroll labelled LIS JUH ROA for 27 gold pieces
  1846 | D:2      | Bought a scroll labelled JIJEMNI BOCE for 27 gold pieces
  1846 | D:2      | Bought 2 fizzy grey potions for 48 gold pieces
  1953 | D:3      | Found an iron altar of Okawaru.
  2011 | D:3      | Became a worshipper of Warmaster Okawaru
  2057 | D:3      | Found a radiant altar of Vehumet.
  2293 | D:3      | Found Geton's Antique Armour Shop.
  2359 | D:3      | Noticed a scorpion
  2364 | D:3      | Killed a scorpion
  2365 | D:3      | Gained mutation: Your movements are slightly less
                  | encumbered by armour. (ER -2) [demonic ancestry]
  2365 | D:3      | Reached XP level 5. HP: 10/41 MP: 5/5
  2371 | D:3      | HP: 2/41 [poisoned by a scorpion]
  2870 | D:3      | Found a stormy altar of Qazlal.
  2991 | D:4      | Succumbed to a scorpion's poison

Illustrated notes

Levels and vault maps discovered:
D:1:      elethiomel_arrival_shortcut, layout_loops_cross, kennysheep_boxes
D:2:      layout_basic, serial_shops, nicolae_diamond_shop,
          chequers_ecumenical_altar_lobes, minmay_rat_gold_closets
D:3:      layout_loops_cross, mainiacjoe_overflow_tiny_flanked,
          lemuel_crystal_altar, vehumet_altar_wand_db, serial_shops,
          nicolae_shop_window_shopping
D:4:      layout_cave_pools, nzn_hepliaklqana_mist_gate,
          chequers_decorated_corner, minmay_cut_off

Skill      XL: |  1  2  3  4 |
---------------+-------------+-----
Axes           | 2 3 |  3.1
Armour         | 3 |  3.5
Evocations     | 1 2 |  2.0
Shields        | 3 |  3.0
Fighting       | |  3.5
Dodging        | |  0.6

Action                   |  1- 3 |  4- 6 || total
-------------------------+-------+-------++-------
Melee: War axe           |    94 |    64 ||   158
  Use: Potion            |       |     2 ||     2
Armor: Scale mail        |    46 |    26 ||    72
Dodge: Dodged            |    39 |    37 ||    76
Block: Buckler           |    26 |    18 ||    44
